Orlando Solar Bears vs Erie Otters
Created - Thursday, June 1, 2023 at 10:03
Goals
|
| Orlando Solar Bears |
0 |
4 |
0 |
4 |
| Erie Otters |
1 |
2 |
0 |
3 |
|
Shots
|
| Orlando Solar Bears |
3 |
22 |
10 |
35 |
| Erie Otters |
12 |
14 |
7 |
33 |
|
1st period
1. Erie Otters , Michael Eyssimont 32 (Andy Andreoff 65, Aaron Ness 13) at 19:32 (PP)
Penalties :
Alex Petrovic (ERO) for Fighting (Major) at 0:48, Linus Weissbach (OSB) for Fighting (Major) at 0:48, Aaron Luchuk (ERO) for Fighting (Major) at 6:16, Isaak Phillips (OSB) for Fighting (Major) at 6:16, Isaak Phillips (OSB) for instigated a fight (Minor) at 6:16, Isaak Phillips (OSB) for instigated a fight (10 Minutes Misconduct) at 6:16, Alex Biega (ERO) for Fighting (Major) at 13:20, Jason Dickinson (OSB) for Fighting (Major) at 13:20, Adam Clendening (ERO) for High sticking (Minor) at 13:23, Artemi Kniazev (OSB) for Roughing (Minor) at 19:18
2nd period
2. Orlando Solar Bears , Jordan Martinook 44 (Jason Dickinson 58, John Leonard 42) at 2:28 (PP)
3. Erie Otters , Trent Frederic 39 (Paul Cotter 26, Alex Newhook 69) at 3:43
4. Orlando Solar Bears , John Leonard 26 (Jason Dickinson 59) at 8:23 (PP)
5. Orlando Solar Bears , Morgan Frost 27 (Donovan Sebrango 5, Adam Beckman 19) at 9:31
6. Erie Otters , Paul Cotter 25 (Alex Biega 24, Trent Frederic 35) at 14:03 (PP)
7. Orlando Solar Bears , Jason Dickinson 45 (Jordan Martinook 51, Isaak Phillips 14) at 19:23
Penalties :
Alex Petrovic (ERO) for Tripping (Minor) at 2:19, Morgan Frost (OSB) for Roughing (Minor) at 5:44, Alex Gallant (ERO) for Tripping (Minor) at 8:21, Alex Petrovic (ERO) for Hooking (Minor) at 9:34, Artemi Kniazev (OSB) for Tripping (Minor) at 12:42, Alex Petrovic (ERO) for Interference (Minor) at 14:17
3rd period
No Goal
Penalties :
Alex Newhook (ERO) for Hooking (Minor) at 1:35, Michael Eyssimont (ERO) for Holding (Minor) at 6:35, Isaak Phillips (OSB) for Interference (Minor) at 9:55
Goalie Stats
Felix Sandstrom (OSB), 30 saves from 33 shots - (0.909), W, 11-11-3, 60:00 minutes
Adam Werner (ERO), 31 saves from 35 shots - (0.886), L, 5-7-0, 60:00 minutes
Players Stats for Orlando Solar Bears
Player Name G A P +/- PIM S H SB GA TA FO MP PP MP PK MP
------------------------------------------------------------------------------------
Adam Beckman 0 1 1 1 0 2 0 0 0 1 1/1 16:14 4:41 0:48
Alex Turcotte 0 0 0 0 0 1 3 0 1 0 2/5 9:01 0:00 1:20
Artemi Kniazev 0 0 0 1 4 0 2 1 0 0 0/0 19:48 4:09 2:26
Donovan Sebrango 0 1 1 0 0 1 0 1 0 0 0/0 15:45 0:00 2:14
Emilio Pettersen 0 0 0 0 0 2 1 0 0 1 0/0 7:16 0:00 0:00
Isaak Phillips 0 1 1 1 19 0 2 1 0 1 0/0 14:37 3:08 1:29
Jamieson Rees 0 0 0 0 0 0 0 0 0 0 1/2 9:22 1:04 0:00
Jarred Tinordi 0 0 0 0 0 0 3 0 0 0 0/0 26:38 5:57 4:17
Jason Dickinson 1 2 3 0 5 6 0 1 1 0 17/35 22:09 4:03 4:26
John Leonard 1 1 2 0 0 3 0 0 0 0 0/0 21:26 5:02 1:25
Jordan Martinook 1 1 2 0 0 5 4 0 1 0 1/1 20:41 5:02 1:30
Linus Weissbach 0 0 0 0 5 4 1 0 1 0 0/0 10:10 0:47 0:00
Martin Pospisil 0 0 0 0 0 1 2 1 1 0 1/1 10:33 0:33 0:00
Max Gildon 0 0 0 0 0 1 1 1 0 0 0/0 15:38 1:01 0:14
Morgan Frost 1 0 1 1 2 5 1 2 1 0 11/13 18:54 4:31 3:29
Philip Tomasino 0 0 0 0 0 0 3 1 0 0 2/7 12:04 0:00 2:06
Valtteri Puustinen 0 0 0 1 0 3 1 1 1 1 1/2 15:22 4:35 0:00
Victor Soderstrom 0 0 0 0 0 1 3 5 1 1 0/0 26:43 5:57 4:24
Players Stats for Erie Otters
Player Name G A P +/- PIM S H SB GA TA FO MP PP MP PK MP
------------------------------------------------------------------------------------
Aaron Luchuk 0 0 0 -1 5 2 1 0 0 1 2/5 10:00 0:00 0:55
Aaron Ness 0 1 1 0 0 1 0 3 0 1 0/0 23:45 3:25 6:05
Abbott Girduckis 0 0 0 0 0 1 0 0 0 0 1/2 6:31 0:06 0:00
Adam Brubacher 0 0 0 0 0 0 3 0 0 0 0/0 9:05 0:00 0:55
Adam Clendening 0 0 0 0 2 2 1 1 0 1 0/0 22:37 4:07 3:15
Alec McCrea 0 0 0 -1 0 2 0 1 0 1 0/0 13:26 0:00 0:00
Alex Biega 0 1 1 0 5 0 1 0 0 0 0/0 20:44 4:07 3:15
Alex Gallant 0 0 0 -1 2 0 0 0 0 0 1/1 10:07 0:00 0:00
Alex Newhook 0 1 1 0 2 5 2 0 2 0 6/23 21:38 3:30 4:12
Alex Petrovic 0 0 0 0 11 1 2 1 0 0 0/0 18:05 3:25 3:11
Alex-Olivier Voyer 0 0 0 0 0 1 2 0 1 0 0/1 8:28 0:10 0:00
Andy Andreoff 0 1 1 0 0 1 6 0 1 0 16/27 20:44 3:52 4:20
Kevin Davis 0 0 0 -1 0 1 1 1 0 2 0/0 17:48 0:00 3:31
Michael Eyssimont 1 0 1 0 2 4 0 0 0 0 1/2 17:53 3:53 1:06
Paul Cotter 1 1 2 0 0 3 2 0 0 1 1/1 20:43 3:30 4:21
Sampo Ranta 0 0 0 0 0 3 1 1 0 0 1/2 16:17 3:52 0:00
Trent Frederic 1 1 2 0 0 4 1 1 1 1 1/2 21:01 3:30 5:18
Ty Ronning 0 0 0 -1 0 2 0 0 0 0 0/1 10:52 0:13 0:00
3 Stars
1 - Jordan Martinook (OSB)
2 - Paul Cotter (ERO)
3 - John Leonard (OSB)
Power Play
Orlando Solar Bears - 2 on 7 Attempt(s) - 28.57%
Erie Otters - 2 on 5 Attempt(s) - 40.00%
Penalty Kill
Orlando Solar Bears - 3 on 5 Attempt(s) - 60.00%
- Score 0 goal in Penalty Kill
Erie Otters - 5 on 7 Attempt(s) - 71.43%
- Score 0 goal in Penalty Kill
Team Stat
Orlando Solar Bears - Hits : 27 - Faceoff Wins : 37 - Blocked Shots : 15 - Penalty Minutes : 35
Erie Otters - Hits : 23 - Faceoff Wins : 30 - Blocked Shots : 9 - Penalty Minutes : 29
Official
Referees : Rob Martell and Eric Furlatt
Linesman : Bryan Pancich and Brad Kovachik
Game Notes
Alex Petrovic and Linus Weissbach fight to a draw at 0:48 of 1st period
Aaron Luchuk and Isaak Phillips fight to a draw at 6:16 of 1st period
Jason Dickinson beats up Alex Biega at 13:20 of 1st period
9:31 of 2nd period - Orlando Solar Bears goal is going for a video replay. After video review, Goal.
Orlando Solar Bears
5 vs 5 Forward
Center Left Wing Right Wing Time % Phy DF OF
1 Jason Dickinson Jordan Martinook John Leonard 32 1 2 2
2 Morgan Frost Adam Beckman Valtteri Puustinen 27 1 2 2
3 Philip Tomasino Linus Weissbach Martin Pospisil 23 1 2 2
4 Alex Turcotte Emilio Pettersen Jamieson Rees 18 1 2 2
5 vs 5 Defense
Defense Defense Time % Phy DF OF
1 Victor Soderstrom Jarred Tinordi 35 1 2 2
2 Isaak Phillips Artemi Kniazev 33 1 2 2
3 Max Gildon Donovan Sebrango 32 1 2 2
4 Victor Soderstrom Jarred Tinordi 0 1 2 2
PowerPlay Forward
Center Left Wing Right Wing Time % Phy DF OF
1 Jason Dickinson Jordan Martinook John Leonard 60 1 2 2
2 Morgan Frost Adam Beckman Valtteri Puustinen 40 1 2 2
PowerPlay Defense
Defense Defense Time % Phy DF OF
1 Victor Soderstrom Jarred Tinordi 60 1 2 2
2 Isaak Phillips Artemi Kniazev 40 1 2 2
Penalty Kill 4 Players Forward
Center Wing Time % Phy DF OF
1 Jason Dickinson Morgan Frost 60 1 2 2
2 Philip Tomasino Jordan Martinook 40 1 2 2
Penalty Kill 4 Players Defense
Defense Defense Time % Phy DF OF
1 Victor Soderstrom Jarred Tinordi 60 1 2 2
2 Isaak Phillips Artemi Kniazev 40 1 2 2
Penalty Kill - 3 Players Forward
Forward Time % Phy DF OF
1 Jason Dickinson 60 1 2 2
2 Morgan Frost 40 1 2 2
Penalty Kill - 3 Players Defense
Defense Defense Time % Phy DF OF
1 Victor Soderstrom Jarred Tinordi 60 1 2 2
2 Isaak Phillips Artemi Kniazev 40 1 2 2
4 vs 4 Forward
Center Wing Time % Phy DF OF
1 Jason Dickinson Morgan Frost 60 1 2 2
2 Philip Tomasino Jordan Martinook 40 1 2 2
4 vs 4 Defense
Defense Defense Time % Phy DF OF
1 Victor Soderstrom Jarred Tinordi 60 1 2 2
2 Isaak Phillips Artemi Kniazev 40 1 2 2
Last Minutes Offensive
Center Left Wing Right Wing Defense Defense
Jason Dickinson Jordan Martinook John Leonard Victor Soderstrom Jarred Tinordi
Last Minutes Defensive
Center Left Wing Right Wing Defense Defense
Jason Dickinson Jordan Martinook John Leonard Victor Soderstrom Jarred Tinordi
Goaltenders
Starting : Felix Sandstrom
Backup : Filip Gustavsson
Extra Forwards
Normal : Jamieson Rees, Linus Weissbach, Alex Turcotte - PP : Jamieson Rees, Linus Weissbach - PK : Alex Turcotte
Extra Defensemen
Normal : Max Gildon, Donovan Sebrango, Isaak Phillips - PP : Max Gildon - PK : Donovan Sebrango, Isaak Phillips
Penalty Shots
Jason Dickinson, Morgan Frost, Philip Tomasino, Jordan Martinook, John Leonard
Erie Otters
5 vs 5 Forward
Center Left Wing Right Wing Time % Phy DF OF
1 Alex Newhook Trent Frederic Paul Cotter 30 1 2 2
2 Andy Andreoff Michael Eyssimont Sampo Ranta 30 1 2 2
3 Aaron Luchuk Alex Gallant Ty Ronning 25 1 2 2
4 Abbott Girduckis Adam Brubacher Alex-Olivier Voyer 15 1 2 2
5 vs 5 Defense
Defense Defense Time % Phy DF OF
1 Adam Clendening Alex Biega 35 1 2 2
2 Aaron Ness Alex Petrovic 35 1 2 2
3 Alec McCrea Kevin Davis 30 1 2 2
4 Adam Clendening Alex Biega 0 1 2 2
PowerPlay Forward
Center Left Wing Right Wing Time % Phy DF OF
1 Alex Newhook Trent Frederic Paul Cotter 50 1 2 2
2 Andy Andreoff Michael Eyssimont Sampo Ranta 50 1 2 2
PowerPlay Defense
Defense Defense Time % Phy DF OF
1 Adam Clendening Alex Biega 50 1 2 2
2 Aaron Ness Alex Petrovic 50 1 2 2
Penalty Kill 4 Players Forward
Center Wing Time % Phy DF OF
1 Alex Newhook Trent Frederic 50 1 2 2
2 Andy Andreoff Paul Cotter 50 1 2 2
Penalty Kill 4 Players Defense
Defense Defense Time % Phy DF OF
1 Adam Clendening Alex Biega 50 1 2 2
2 Aaron Ness Alex Petrovic 50 1 2 2
Penalty Kill - 3 Players Forward
Forward Time % Phy DF OF
1 Alex Newhook 50 1 2 2
2 Trent Frederic 50 1 2 2
Penalty Kill - 3 Players Defense
Defense Defense Time % Phy DF OF
1 Adam Clendening Alex Biega 50 1 2 2
2 Aaron Ness Alex Petrovic 50 1 2 2
4 vs 4 Forward
Center Wing Time % Phy DF OF
1 Alex Newhook Trent Frederic 50 1 2 2
2 Andy Andreoff Paul Cotter 50 1 2 2
4 vs 4 Defense
Defense Defense Time % Phy DF OF
1 Adam Clendening Alex Biega 50 1 2 2
2 Aaron Ness Alex Petrovic 50 1 2 2
Last Minutes Offensive
Center Left Wing Right Wing Defense Defense
Alex Newhook Trent Frederic Paul Cotter Adam Clendening Alex Biega
Last Minutes Defensive
Center Left Wing Right Wing Defense Defense
Alex Newhook Trent Frederic Paul Cotter Adam Clendening Alex Biega
Goaltenders
Starting : Adam Werner
Backup : Keith Kinkaid
Extra Forwards
Normal : Ty Ronning, Alex-Olivier Voyer, Aaron Luchuk - PP : Ty Ronning, Alex-Olivier Voyer - PK : Aaron Luchuk
Extra Defensemen
Normal : Aaron Ness, Kevin Davis, Adam Brubacher - PP : Aaron Ness - PK : Kevin Davis, Adam Brubacher
Penalty Shots
Alex Newhook, Trent Frederic, Andy Andreoff, Paul Cotter, Michael Eyssimont
% Time on Ice - Orlando Solar Bears
Lines # - Real PCT - Wanted PCT - Time Play
Normal Forward
1 - 32% - 32% - 13:09
2 - 26% - 27% - 10:45
3 - 24% - 23% - 9:58
4 - 18% - 18% - 7:16
Normal Defense
1 - 34% - 35% - 13:48
2 - 35% - 33% - 14:35
3 - 31% - 32% - 12:45
4 - 0% - 0% - 0:00
PP Forward
1 - 55% - 60% - 5:35
2 - 45% - 40% - 4:31
PP Defense
1 - 59% - 60% - 5:57
2 - 41% - 40% - 4:09
PK Forward
1 - 80% - 60% - 6:02
2 - 20% - 40% - 1:30
PK Defense
1 - 53% - 60% - 3:58
2 - 47% - 40% - 3:34
PK3 Forward
1 - 0% - 60%
2 - 0% - 40%
PK3 Defense
1 - 0% - 60%
2 - 0% - 40%
44 Forward
1 - 0% - 60%
2 - 0% - 40%
44 Defense
1 - 0% - 60%
2 - 0% - 40%
Last Minute Offensive - 0:00
Last Minute Defensive - 1:14
Total
Forward - 60:00
Defense - 60:00
|
% Time on Ice - Erie Otters
Lines # - Real PCT - Wanted PCT - Time Play
Normal Forward
1 - 26% - 30% - 10:53
2 - 36% - 30% - 14:39
3 - 22% - 25% - 9:16
4 - 16% - 15% - 6:24
Normal Defense
1 - 34% - 35% - 14:04
2 - 37% - 35% - 15:06
3 - 29% - 30% - 12:02
4 - 0% - 0% - 0:00
PP Forward
1 - 48% - 50% - 3:39
2 - 52% - 50% - 3:53
PP Defense
1 - 55% - 50% - 4:07
2 - 45% - 50% - 3:25
PK Forward
1 - 56% - 50% - 5:42
2 - 44% - 50% - 4:24
PK Defense
1 - 51% - 50% - 5:07
2 - 49% - 50% - 4:59
PK3 Forward
1 - 0% - 50%
2 - 0% - 50%
PK3 Defense
1 - 0% - 50%
2 - 0% - 50%
44 Forward
1 - 0% - 50%
2 - 0% - 50%
44 Defense
1 - 0% - 50%
2 - 0% - 50%
Last Minute Offensive - 1:10
Last Minute Defensive - 0:00
Total
Forward - 60:00
Defense - 60:00
|
Play-by-Play
1st period
0:01 of 1st period - Jordan Martinook wins face-off versus Alex Newhook in neutral zone.
0:48 of 1st period - Alex Petrovic and Linus Weissbach fight to a draw.
0:48 of 1st period - Penalty to Alex Petrovic for Fighting.
0:48 of 1st period - Penalty to Linus Weissbach for Fighting.
0:49 of 1st period - Aaron Luchuk wins face-off versus Alex Turcotte in neutral zone.
0:54 of 1st period - Snap shot by Aaron Luchuk.
0:54 of 1st period - Stopped by Felix Sandstrom with a rebound.
1:49 of 1st period - Snap shot by Ty Ronning.
1:49 of 1st period - Shot Misses the Net.
1:51 of 1st period - Slapshot by Ty Ronning.
1:51 of 1st period - Shot Blocked by Valtteri Puustinen.
1:59 of 1st period - Adam Beckman is hit by Kevin Davis and loses puck.
2:15 of 1st period - Slapshot by Alec McCrea.
2:15 of 1st period - Deflect By Ty Ronning.
2:15 of 1st period - Shot Misses the Net.
2:15 of 1st period - Puck is out of play.
2:16 of 1st period - Abbott Girduckis wins face-off versus Jason Dickinson in Orlando Solar Bears zone.
3:30 of 1st period - Adam Clendening is hit by Jarred Tinordi and loses puck.
3:45 of 1st period - Alex Newhook is hit by Martin Pospisil and loses puck.
3:59 of 1st period - Icing by Victor Soderstrom.
4:00 of 1st period - Jason Dickinson wins face-off versus Abbott Girduckis in Orlando Solar Bears zone.
4:15 of 1st period - Alex-Olivier Voyer is hit by Jordan Martinook and loses puck.
4:36 of 1st period - Morgan Frost is hit by Adam Brubacher and loses puck.
4:47 of 1st period - Morgan Frost is hit by Alex-Olivier Voyer and loses puck.
5:08 of 1st period - Wrist shot by Valtteri Puustinen.
5:08 of 1st period - Shot Misses the Net.
5:14 of 1st period - Max Gildon is hit by Adam Brubacher and loses puck.
5:21 of 1st period - Slapshot by Aaron Ness.
5:21 of 1st period - Deflect By Abbott Girduckis.
5:21 of 1st period - Stopped by Felix Sandstrom with a rebound.
5:23 of 1st period - Snap shot by Alec McCrea.
5:23 of 1st period - Stopped by Felix Sandstrom without a rebound.
5:24 of 1st period - Jason Dickinson wins face-off versus Michael Eyssimont in Orlando Solar Bears zone.
5:24 of 1st period - Jason Dickinson is hit by Sampo Ranta.
6:09 of 1st period - Snap shot by Andy Andreoff.
6:09 of 1st period - Shot Misses the Net.
6:11 of 1st period - Slapshot by Alex Newhook.
6:11 of 1st period - Shot Misses the Net.
6:13 of 1st period - Wrist shot by Kevin Davis.
6:13 of 1st period - Stopped by Felix Sandstrom without a rebound.
6:14 of 1st period - Aaron Luchuk wins face-off versus Alex Turcotte in Orlando Solar Bears zone.
6:16 of 1st period - Aaron Luchuk and Isaak Phillips fight to a draw.
6:16 of 1st period - Penalty to Aaron Luchuk for Fighting.
6:16 of 1st period - Penalty to Isaak Phillips for Fighting.
6:16 of 1st period - Penalty to Isaak Phillips for instigated a fight.
6:16 of 1st period - Penalty to Isaak Phillips for instigated a fight.
6:17 of 1st period - Alex Newhook wins face-off versus Jason Dickinson in Orlando Solar Bears zone.
6:22 of 1st period - Snap shot by Trent Frederic.
6:22 of 1st period - Shot Blocked by Victor Soderstrom.
6:24 of 1st period - Backhand shot by Alex Newhook.
6:24 of 1st period - Shot Misses the Net.
6:26 of 1st period - Slapshot by Alex Biega.
6:26 of 1st period - Shot Blocked by Morgan Frost.
6:28 of 1st period - Wrist shot by Adam Clendening.
6:28 of 1st period - Shot Blocked by Victor Soderstrom.
6:30 of 1st period - Slapshot by Adam Clendening.
6:30 of 1st period - Stopped by Felix Sandstrom with a rebound.
6:32 of 1st period - Slapshot by Alex Biega.
6:32 of 1st period - Shot Blocked by Victor Soderstrom.
6:42 of 1st period - Jason Dickinson is hit by Andy Andreoff and loses puck.
7:25 of 1st period - Donovan Sebrango is hit by Andy Andreoff and loses puck.
8:16 of 1st period - Penalty to Isaak Phillips is over, Alex Turcotte is send on ice.
8:28 of 1st period - Snap shot by Alex-Olivier Voyer.
8:28 of 1st period - Shot Misses the Net.
8:42 of 1st period - Linus Weissbach is hit by Adam Brubacher and loses puck.
9:43 of 1st period - Alec McCrea is hit by Philip Tomasino and loses puck.
10:03 of 1st period - Wrist shot by Jason Dickinson.
10:03 of 1st period - Shot Misses the Net.
10:24 of 1st period - Icing by Emilio Pettersen.
10:25 of 1st period - Alex Turcotte wins face-off versus Alex Newhook in Orlando Solar Bears zone.
10:41 of 1st period - Paul Cotter is hit by Valtteri Puustinen and loses puck.
11:00 of 1st period - Wrist shot by Michael Eyssimont.
11:00 of 1st period - Stopped by Felix Sandstrom without a rebound.
11:01 of 1st period - Jason Dickinson wins face-off versus Alex-Olivier Voyer in Orlando Solar Bears zone.
11:16 of 1st period - Alec McCrea is hit by Jordan Martinook and loses puck.
11:27 of 1st period - Alex Turcotte is hit by Andy Andreoff and loses puck.
11:36 of 1st period - Sampo Ranta is hit by Alex Turcotte and loses puck.
12:26 of 1st period - Slapshot by Alex-Olivier Voyer.
12:26 of 1st period - Stopped by Felix Sandstrom with a rebound.
12:42 of 1st period - Valtteri Puustinen is hit by Alex Petrovic and loses puck.
12:59 of 1st period - Wrist shot by Sampo Ranta.
12:59 of 1st period - Deflect By Morgan Frost.
12:59 of 1st period - Shot Misses the Net.
12:59 of 1st period - Puck is out of play.
13:00 of 1st period - Andy Andreoff wins face-off versus Jason Dickinson in Orlando Solar Bears zone.
13:01 of 1st period - Slapshot by Michael Eyssimont.
13:01 of 1st period - Shot Blocked by Jason Dickinson.
13:03 of 1st period - Snap shot by Sampo Ranta.
13:03 of 1st period - Shot Blocked by Victor Soderstrom.
13:05 of 1st period - Wrist shot by Michael Eyssimont.
13:05 of 1st period - Deflect By Sampo Ranta.
13:05 of 1st period - Stopped by Felix Sandstrom with a rebound.
13:07 of 1st period - Slapshot by Michael Eyssimont.
13:07 of 1st period - Shot Misses the Net.
13:09 of 1st period - Slapshot by Aaron Ness.
13:09 of 1st period - Shot Blocked by Victor Soderstrom.
13:11 of 1st period - Snap shot by Michael Eyssimont.
13:11 of 1st period - Stopped by Felix Sandstrom without a rebound.
13:12 of 1st period - Jason Dickinson wins face-off versus Alex Newhook in Orlando Solar Bears zone.
13:20 of 1st period - Jason Dickinson beats up Alex Biega.
13:20 of 1st period - Penalty to Alex Biega for Fighting.
13:20 of 1st period - Penalty to Jason Dickinson for Fighting.
13:21 of 1st period - Alex Newhook wins face-off versus Jamieson Rees in Erie Otters zone.
13:23 of 1st period - Minor Penalty to Adam Clendening for High sticking.
13:24 of 1st period - Jamieson Rees wins face-off versus Alex Newhook in Erie Otters zone.
13:36 of 1st period - Slapshot by John Leonard.
13:36 of 1st period - Shot Misses the Net.
13:51 of 1st period - Morgan Frost is hit by Paul Cotter and loses puck.
13:58 of 1st period - Snap shot by Andy Andreoff.
13:58 of 1st period - Shot Misses the Net.
14:43 of 1st period - Paul Cotter is hit by Morgan Frost and loses puck.
15:23 of 1st period - Penalty to Adam Clendening is over, Adam Clendening is back on ice.
15:34 of 1st period - Aaron Ness is hit by Alex Turcotte and loses puck.
16:57 of 1st period - Martin Pospisil is hit by Andy Andreoff.
17:06 of 1st period - Icing by Sampo Ranta.
17:07 of 1st period - Andy Andreoff wins face-off versus Morgan Frost in Erie Otters zone.
17:42 of 1st period - Wrist shot by Ty Ronning.
17:42 of 1st period - Stopped by Felix Sandstrom with a rebound.
18:02 of 1st period - Jordan Martinook is hit by Andy Andreoff and loses puck.
18:29 of 1st period - Snap shot by Alex Turcotte.
18:29 of 1st period - Deflect By Linus Weissbach.
18:29 of 1st period - Shot Misses the Net.
18:29 of 1st period - Puck is out of play.
18:30 of 1st period - Martin Pospisil wins face-off versus Ty Ronning in Erie Otters zone.
18:54 of 1st period - Snap shot by Valtteri Puustinen.
18:54 of 1st period - Stopped by Adam Werner with a rebound.
18:56 of 1st period - Slapshot by Max Gildon.
18:56 of 1st period - Stopped by Adam Werner without a rebound.
18:57 of 1st period - Morgan Frost wins face-off versus Alex Newhook in Erie Otters zone.
19:18 of 1st period - Minor Penalty to Artemi Kniazev for Roughing.
19:19 of 1st period - Jason Dickinson wins face-off versus Sampo Ranta in Orlando Solar Bears zone.
19:32 of 1st period - Slapshot by Michael Eyssimont.
19:32 of 1st period - Goal by Michael Eyssimont - Orlando Solar Bears : 0 - Erie Otters : 1.
19:33 of 1st period - Jason Dickinson wins face-off versus Alex Newhook in neutral zone.
19:33 of 1st period - Jason Dickinson is hit by Paul Cotter.
19:37 of 1st period - Kevin Davis is hit by Jarred Tinordi and loses puck.
19:48 of 1st period - Snap shot by Alex Newhook.
19:48 of 1st period - Stopped by Felix Sandstrom without a rebound.
19:49 of 1st period - Philip Tomasino wins face-off versus Andy Andreoff in Orlando Solar Bears zone.
19:56 of 1st period - Wrist shot by Linus Weissbach.
19:56 of 1st period - Stopped by Adam Werner with a rebound.
19:58 of 1st period - Slapshot by Martin Pospisil.
19:58 of 1st period - Shot Blocked by Sampo Ranta.
Goals for this period are 0 for Orlando Solar Bears vs 1 for Erie Otters.
Shots for this period are 3 for Orlando Solar Bears vs 12 for Erie Otters.
2nd period
0:01 of 2nd period - Alex Newhook wins face-off versus Jason Dickinson in neutral zone.
0:30 of 2nd period - Wrist shot by Jordan Martinook.
0:30 of 2nd period - Stopped by Adam Werner with a rebound.
0:48 of 2nd period - John Leonard is hit by Alex-Olivier Voyer and loses puck.
1:13 of 2nd period - Sampo Ranta is hit by Max Gildon and loses puck.
1:16 of 2nd period - 10 Minutes Misconduct Penalty to Isaak Phillips is over.
1:38 of 2nd period - Snap shot by Alex Newhook.
1:38 of 2nd period - Shot Misses the Net.
1:40 of 2nd period - Slapshot by Adam Clendening.
1:40 of 2nd period - Shot Misses the Net.
1:59 of 2nd period - Off-side.
2:00 of 2nd period - Morgan Frost wins face-off versus Andy Andreoff in neutral zone.
2:19 of 2nd period - Minor Penalty to Alex Petrovic for Tripping.
2:20 of 2nd period - Jason Dickinson wins face-off versus Andy Andreoff in Erie Otters zone.
2:24 of 2nd period - Snap shot by John Leonard.
2:24 of 2nd period - Stopped by Adam Werner with a rebound.
2:26 of 2nd period - Wrist shot by Jason Dickinson.
2:26 of 2nd period - Shot Misses the Net.
2:28 of 2nd period - Snap shot by Jordan Martinook.
2:28 of 2nd period - Goal by Jordan Martinook - Orlando Solar Bears : 1 - Erie Otters : 1.
2:29 of 2nd period - Alex Newhook wins face-off versus Jason Dickinson in neutral zone.
2:32 of 2nd period - Snap shot by Trent Frederic.
2:32 of 2nd period - Stopped by Felix Sandstrom with a rebound.
2:34 of 2nd period - Snap shot by Paul Cotter.
2:34 of 2nd period - Stopped by Felix Sandstrom with a rebound.
2:36 of 2nd period - Slapshot by Alex Biega.
2:36 of 2nd period - Deflect By Paul Cotter.
2:36 of 2nd period - Shot Misses the Net.
2:36 of 2nd period - Puck is out of play.
2:37 of 2nd period - Alex Newhook wins face-off versus Jason Dickinson in Orlando Solar Bears zone.
3:01 of 2nd period - Snap shot by Jordan Martinook.
3:01 of 2nd period - Stopped by Adam Werner with a rebound.
3:33 of 2nd period - Wrist shot by Alex Newhook.
3:33 of 2nd period - Shot Blocked by Max Gildon.
3:39 of 2nd period - Wrist shot by Trent Frederic.
3:39 of 2nd period - Shot Misses the Net.
3:41 of 2nd period - Slapshot by Trent Frederic.
3:41 of 2nd period - Stopped by Felix Sandstrom with a rebound.
3:43 of 2nd period - Snap shot by Paul Cotter.
3:43 of 2nd period - Deflect By Trent Frederic.
3:43 of 2nd period - Goal by Trent Frederic - Orlando Solar Bears : 1 - Erie Otters : 2.
3:44 of 2nd period - Andy Andreoff wins face-off versus Philip Tomasino in neutral zone.
3:47 of 2nd period - Snap shot by Michael Eyssimont.
3:47 of 2nd period - Shot Misses the Net.
3:57 of 2nd period - Off-side.
3:58 of 2nd period - Alex Turcotte wins face-off versus Aaron Luchuk in neutral zone.
4:01 of 2nd period - Slapshot by Victor Soderstrom.
4:01 of 2nd period - Stopped by Adam Werner with a rebound.
4:09 of 2nd period - Slapshot by Alex Petrovic.
4:09 of 2nd period - Stopped by Felix Sandstrom without a rebound.
4:10 of 2nd period - Andy Andreoff wins face-off versus Jason Dickinson in Orlando Solar Bears zone.
4:15 of 2nd period - Snap shot by Andy Andreoff.
4:15 of 2nd period - Stopped by Felix Sandstrom with a rebound.
5:01 of 2nd period - Wrist shot by Alex Turcotte.
5:01 of 2nd period - Deflect By Ty Ronning.
5:01 of 2nd period - Stopped by Adam Werner with a rebound.
5:03 of 2nd period - Slapshot by Jarred Tinordi.
5:03 of 2nd period - Shot Blocked by Alex Petrovic.
5:07 of 2nd period - Snap shot by Emilio Pettersen.
5:07 of 2nd period - Stopped by Adam Werner without a rebound.
5:08 of 2nd period - Andy Andreoff wins face-off versus Jason Dickinson in Erie Otters zone.
5:08 of 2nd period - Andy Andreoff is hit by Jordan Martinook.
5:34 of 2nd period - Trent Frederic is hit by Isaak Phillips and loses puck.
5:44 of 2nd period - Minor Penalty to Morgan Frost for Roughing.
5:45 of 2nd period - Jason Dickinson wins face-off versus Trent Frederic in Orlando Solar Bears zone.
5:58 of 2nd period - Snap shot by Trent Frederic.
5:58 of 2nd period - Shot Misses the Net.
6:00 of 2nd period - Wrist shot by Trent Frederic.
6:00 of 2nd period - Shot Hit the Post.
7:44 of 2nd period - Penalty to Morgan Frost is over, Morgan Frost is back on ice.
7:57 of 2nd period - Snap shot by Ty Ronning.
7:57 of 2nd period - Stopped by Felix Sandstrom with a rebound.
7:59 of 2nd period - Slapshot by Alec McCrea.
7:59 of 2nd period - Stopped by Felix Sandstrom without a rebound.
8:00 of 2nd period - Alex Gallant wins face-off versus Philip Tomasino in Orlando Solar Bears zone.
8:21 of 2nd period - Minor Penalty to Alex Gallant for Tripping.
8:22 of 2nd period - Jason Dickinson wins face-off versus Andy Andreoff in Erie Otters zone.
8:23 of 2nd period - Wrist shot by John Leonard.
8:23 of 2nd period - Goal by John Leonard - Orlando Solar Bears : 2 - Erie Otters : 2.
8:24 of 2nd period - Andy Andreoff wins face-off versus Jason Dickinson in neutral zone.
8:26 of 2nd period - Aaron Ness is hit by Artemi Kniazev and loses puck.
8:37 of 2nd period - Snap shot by Jordan Martinook.
8:37 of 2nd period - Shot Misses the Net.
9:13 of 2nd period - Wrist shot by Paul Cotter.
9:13 of 2nd period - Stopped by Felix Sandstrom without a rebound.
9:14 of 2nd period - Morgan Frost wins face-off versus Alex Newhook in Orlando Solar Bears zone.
9:21 of 2nd period - Snap shot by Valtteri Puustinen.
9:21 of 2nd period - Deflect By Paul Cotter.
9:21 of 2nd period - Stopped by Adam Werner with a rebound.
9:23 of 2nd period - Snap shot by Adam Beckman.
9:23 of 2nd period - Shot Misses the Net.
9:25 of 2nd period - Snap shot by Adam Beckman.
9:25 of 2nd period - Shot Misses the Net.
9:27 of 2nd period - Snap shot by Morgan Frost.
9:27 of 2nd period - Shot Hit the Post.
9:29 of 2nd period - Slapshot by Donovan Sebrango.
9:29 of 2nd period - Stopped by Adam Werner with a rebound.
9:31 of 2nd period - Snap shot by Morgan Frost.
9:31 of 2nd period - Orlando Solar Bears goal is going for a video replay.
9:31 of 2nd period - The goal is good.
9:31 of 2nd period - Goal by Morgan Frost - Orlando Solar Bears : 3 - Erie Otters : 2.
9:32 of 2nd period - Andy Andreoff wins face-off versus Jason Dickinson in neutral zone.
9:34 of 2nd period - Minor Penalty to Alex Petrovic for Hooking.
9:35 of 2nd period - Jason Dickinson wins face-off versus Andy Andreoff in Erie Otters zone.
9:37 of 2nd period - Snap shot by Jordan Martinook.
9:37 of 2nd period - Stopped by Adam Werner without a rebound.
9:38 of 2nd period - Andy Andreoff wins face-off versus Jason Dickinson in Erie Otters zone.
10:13 of 2nd period - Wrist shot by Morgan Frost.
10:13 of 2nd period - Stopped by Adam Werner without a rebound.
10:14 of 2nd period - Jason Dickinson wins face-off versus Alex Newhook in Erie Otters zone.
10:25 of 2nd period - Alex Newhook is hit by Jordan Martinook and loses puck.
10:47 of 2nd period - Snap shot by Trent Frederic.
10:47 of 2nd period - Shot Misses the Net.
11:34 of 2nd period - Penalty to Alex Petrovic is over, Alex Petrovic is back on ice.
11:40 of 2nd period - Ty Ronning is hit by Alex Turcotte and loses puck.
12:05 of 2nd period - Snap shot by Philip Tomasino.
12:05 of 2nd period - Shot Misses the Net.
12:07 of 2nd period - Snap shot by Linus Weissbach.
12:07 of 2nd period - Stopped by Adam Werner with a rebound.
12:09 of 2nd period - Wrist shot by Philip Tomasino.
12:09 of 2nd period - Deflect By Linus Weissbach.
12:09 of 2nd period - Stopped by Adam Werner with a rebound.
12:11 of 2nd period - Snap shot by Martin Pospisil.
12:11 of 2nd period - Stopped by Adam Werner with a rebound.
12:42 of 2nd period - Minor Penalty to Artemi Kniazev for Tripping.
12:43 of 2nd period - Jason Dickinson wins face-off versus Alex Newhook in Orlando Solar Bears zone.
12:48 of 2nd period - Icing by Alex Biega.
12:49 of 2nd period - Jason Dickinson wins face-off versus Alex Newhook in Erie Otters zone.
13:04 of 2nd period - Wrist shot by Jason Dickinson.
13:04 of 2nd period - Stopped by Adam Werner with a rebound.
13:16 of 2nd period - Wrist shot by Michael Eyssimont.
13:16 of 2nd period - Deflect By Sampo Ranta.
13:16 of 2nd period - Stopped by Felix Sandstrom with a rebound.
13:18 of 2nd period - Slapshot by Adam Clendening.
13:18 of 2nd period - Stopped by Felix Sandstrom without a rebound.
13:19 of 2nd period - Philip Tomasino wins face-off versus Andy Andreoff in Orlando Solar Bears zone.
13:27 of 2nd period - Off-side.
13:28 of 2nd period - Andy Andreoff wins face-off versus Jason Dickinson in neutral zone.
13:59 of 2nd period - Wrist shot by Trent Frederic.
13:59 of 2nd period - Stopped by Felix Sandstrom with a rebound.
14:01 of 2nd period - Slapshot by Alex Biega.
14:01 of 2nd period - Shot Blocked by Donovan Sebrango.
14:03 of 2nd period - Slapshot by Paul Cotter.
14:03 of 2nd period - Goal by Paul Cotter - Orlando Solar Bears : 3 - Erie Otters : 3.
14:04 of 2nd period - Andy Andreoff wins face-off versus Philip Tomasino in neutral zone.
14:04 of 2nd period - Andy Andreoff is hit by Martin Pospisil.
14:17 of 2nd period - Minor Penalty to Alex Petrovic for Interference.
14:18 of 2nd period - Andy Andreoff wins face-off versus Jason Dickinson in Erie Otters zone.
15:25 of 2nd period - Icing by Isaak Phillips.
15:26 of 2nd period - Trent Frederic wins face-off versus Valtteri Puustinen in Orlando Solar Bears zone.
15:38 of 2nd period - Off-side.
15:39 of 2nd period - Jason Dickinson wins face-off versus Andy Andreoff in neutral zone.
16:08 of 2nd period - Snap shot by Alex Newhook.
16:08 of 2nd period - Stopped by Felix Sandstrom with a rebound.
16:17 of 2nd period - Penalty to Alex Petrovic is over, Alex Petrovic is back on ice.
16:51 of 2nd period - Snap shot by Linus Weissbach.
16:51 of 2nd period - Deflect By Michael Eyssimont.
16:51 of 2nd period - Shot Misses the Net.
16:51 of 2nd period - Puck is out of play.
16:52 of 2nd period - Sampo Ranta wins face-off versus Alex Turcotte in Erie Otters zone.
17:01 of 2nd period - Slapshot by Emilio Pettersen.
17:01 of 2nd period - Shot Blocked by Adam Clendening.
17:47 of 2nd period - Snap shot by Aaron Luchuk.
17:47 of 2nd period - Shot Blocked by Morgan Frost.
17:49 of 2nd period - Wrist shot by Alex Petrovic.
17:49 of 2nd period - Shot Misses the Net.
18:58 of 2nd period - Isaak Phillips is hit by Trent Frederic and loses puck.
19:09 of 2nd period - Wrist shot by Jordan Martinook.
19:09 of 2nd period - Shot Misses the Net.
19:11 of 2nd period - Slapshot by Jason Dickinson.
19:11 of 2nd period - Stopped by Adam Werner with a rebound.
19:13 of 2nd period - Backhand shot by Jordan Martinook.
19:13 of 2nd period - Shot Misses the Net.
19:15 of 2nd period - Wrist shot by John Leonard.
19:15 of 2nd period - Shot Blocked by Alec McCrea.
19:17 of 2nd period - Snap shot by Isaak Phillips.
19:17 of 2nd period - Shot Blocked by Kevin Davis.
19:19 of 2nd period - Slapshot by Isaak Phillips.
19:19 of 2nd period - Deflect By Jordan Martinook.
19:19 of 2nd period - Stopped by Adam Werner with a rebound.
19:23 of 2nd period - Slapshot by Jason Dickinson.
19:23 of 2nd period - Goal by Jason Dickinson - Orlando Solar Bears : 4 - Erie Otters : 3.
19:24 of 2nd period - Morgan Frost wins face-off versus Alex Newhook in neutral zone.
19:31 of 2nd period - Backhand shot by Morgan Frost.
19:31 of 2nd period - Stopped by Adam Werner without a rebound.
19:32 of 2nd period - Morgan Frost wins face-off versus Alex Newhook in Erie Otters zone.
19:33 of 2nd period - Wrist shot by Adam Beckman.
19:33 of 2nd period - Deflect By Morgan Frost.
19:33 of 2nd period - Shot Blocked by Aaron Ness.
19:33 of 2nd period - Puck is out of play.
19:34 of 2nd period - Morgan Frost wins face-off versus Alex Newhook in Erie Otters zone.
19:35 of 2nd period - Snap shot by Adam Beckman.
19:35 of 2nd period - Stopped by Adam Werner with a rebound.
Goals for this period are 4 for Orlando Solar Bears vs 2 for Erie Otters.
Shots for this period are 22 for Orlando Solar Bears vs 14 for Erie Otters.
3rd period
0:01 of 3rd period - Andy Andreoff wins face-off versus Jason Dickinson in neutral zone.
0:08 of 3rd period - Wrist shot by Michael Eyssimont.
0:08 of 3rd period - Stopped by Felix Sandstrom without a rebound.
0:09 of 3rd period - Andy Andreoff wins face-off versus Jason Dickinson in Orlando Solar Bears zone.
0:50 of 3rd period - Snap shot by Michael Eyssimont.
0:50 of 3rd period - Shot Misses the Net.
1:08 of 3rd period - Snap shot by John Leonard.
1:08 of 3rd period - Stopped by Adam Werner with a rebound.
1:10 of 3rd period - Snap shot by Jordan Martinook.
1:10 of 3rd period - Shot Misses the Net.
1:12 of 3rd period - Snap shot by John Leonard.
1:12 of 3rd period - Shot Misses the Net.
1:14 of 3rd period - Snap shot by John Leonard.
1:14 of 3rd period - Shot Misses the Net.
1:16 of 3rd period - Wrist shot by Jason Dickinson.
1:16 of 3rd period - Stopped by Adam Werner without a rebound.
1:17 of 3rd period - Morgan Frost wins face-off versus Alex Newhook in Erie Otters zone.
1:35 of 3rd period - Minor Penalty to Alex Newhook for Hooking.
1:36 of 3rd period - Morgan Frost wins face-off versus Aaron Luchuk in Erie Otters zone.
1:44 of 3rd period - Wrist shot by Adam Beckman.
1:44 of 3rd period - Stopped by Adam Werner with a rebound.
1:46 of 3rd period - Snap shot by Morgan Frost.
1:46 of 3rd period - Shot Misses the Net.
1:48 of 3rd period - Slapshot by Valtteri Puustinen.
1:48 of 3rd period - Deflect By Morgan Frost.
1:48 of 3rd period - Stopped by Adam Werner with a rebound.
1:50 of 3rd period - Snap shot by Valtteri Puustinen.
1:50 of 3rd period - Stopped by Adam Werner with a rebound.
1:52 of 3rd period - Wrist shot by Morgan Frost.
1:52 of 3rd period - Shot Blocked by Aaron Ness.
2:48 of 3rd period - Michael Eyssimont is hit by Victor Soderstrom.
3:33 of 3rd period - Icing by Adam Beckman.
3:34 of 3rd period - Morgan Frost wins face-off versus Aaron Luchuk in Orlando Solar Bears zone.
3:35 of 3rd period - Penalty to Alex Newhook is over, Alex Newhook is back on ice.
3:49 of 3rd period - Snap shot by Alec McCrea.
3:49 of 3rd period - Shot Blocked by Martin Pospisil.
3:51 of 3rd period - Wrist shot by Alex-Olivier Voyer.
3:51 of 3rd period - Shot Blocked by Philip Tomasino.
3:53 of 3rd period - Snap shot by Alec McCrea.
3:53 of 3rd period - Shot Blocked by Isaak Phillips.
3:57 of 3rd period - Wrist shot by Adam Brubacher.
3:57 of 3rd period - Shot Blocked by Artemi Kniazev.
3:59 of 3rd period - Snap shot by Alex-Olivier Voyer.
3:59 of 3rd period - Shot Misses the Net.
4:15 of 3rd period - Snap shot by Isaak Phillips.
4:15 of 3rd period - Shot Misses the Net.
4:49 of 3rd period - John Leonard is hit by Alex Biega and loses puck.
5:08 of 3rd period - Jarred Tinordi is hit by Adam Clendening and loses puck.
5:13 of 3rd period - Snap shot by Alex Newhook.
5:13 of 3rd period - Stopped by Felix Sandstrom with a rebound.
5:27 of 3rd period - Snap shot by Jordan Martinook.
5:27 of 3rd period - Shot Misses the Net.
5:40 of 3rd period - Off-side.
5:41 of 3rd period - Morgan Frost wins face-off versus Andy Andreoff in neutral zone.
5:51 of 3rd period - Wrist shot by Andy Andreoff.
5:51 of 3rd period - Deflect By Michael Eyssimont.
5:51 of 3rd period - Shot Misses the Net.
5:51 of 3rd period - Puck is out of play.
5:52 of 3rd period - Morgan Frost wins face-off versus Alex Newhook in Orlando Solar Bears zone.
5:52 of 3rd period - Morgan Frost is hit by Alex Newhook.
6:05 of 3rd period - Wrist shot by Morgan Frost.
6:05 of 3rd period - Stopped by Adam Werner without a rebound.
6:06 of 3rd period - Andy Andreoff wins face-off versus Philip Tomasino in Erie Otters zone.
6:06 of 3rd period - Andy Andreoff is hit by Linus Weissbach.
6:13 of 3rd period - Icing by Donovan Sebrango.
6:14 of 3rd period - Andy Andreoff wins face-off versus Philip Tomasino in Orlando Solar Bears zone.
6:17 of 3rd period - Snap shot by Sampo Ranta.
6:17 of 3rd period - Stopped by Felix Sandstrom with a rebound.
6:23 of 3rd period - Snap shot by Linus Weissbach.
6:23 of 3rd period - Shot Blocked by Aaron Ness.
6:25 of 3rd period - Wrist shot by Linus Weissbach.
6:25 of 3rd period - Stopped by Adam Werner with a rebound.
6:35 of 3rd period - Minor Penalty to Michael Eyssimont for Holding.
6:36 of 3rd period - Andy Andreoff wins face-off versus Jason Dickinson in Erie Otters zone.
6:36 of 3rd period - Andy Andreoff is hit by Victor Soderstrom.
7:32 of 3rd period - Wrist shot by Jason Dickinson.
7:32 of 3rd period - Shot Misses the Net.
7:34 of 3rd period - Slapshot by Victor Soderstrom.
7:34 of 3rd period - Deflect By John Leonard.
7:34 of 3rd period - Shot Misses the Net.
7:34 of 3rd period - Puck is out of play.
7:35 of 3rd period - Valtteri Puustinen wins face-off versus Andy Andreoff in Erie Otters zone.
7:36 of 3rd period - Wrist shot by Morgan Frost.
7:36 of 3rd period - Deflect By Adam Beckman.
7:36 of 3rd period - Shot Misses the Net.
7:36 of 3rd period - Puck is out of play.
7:37 of 3rd period - Adam Beckman wins face-off versus Andy Andreoff in Erie Otters zone.
8:08 of 3rd period - Wrist shot by Alex Newhook.
8:08 of 3rd period - Stopped by Felix Sandstrom without a rebound.
8:09 of 3rd period - Alex Newhook wins face-off versus Jason Dickinson in Orlando Solar Bears zone.
8:32 of 3rd period - Adam Clendening is hit by Jarred Tinordi and loses puck.
8:35 of 3rd period - Penalty to Michael Eyssimont is over, Michael Eyssimont is back on ice.
8:47 of 3rd period - Snap shot by Aaron Luchuk.
8:47 of 3rd period - Shot Misses the Net.
8:51 of 3rd period - Wrist shot by Aaron Luchuk.
8:51 of 3rd period - Stopped by Felix Sandstrom with a rebound.
9:23 of 3rd period - Icing by Jason Dickinson.
9:24 of 3rd period - Michael Eyssimont wins face-off versus Jason Dickinson in Orlando Solar Bears zone.
9:37 of 3rd period - Wrist shot by Jason Dickinson.
9:37 of 3rd period - Stopped by Adam Werner without a rebound.
9:38 of 3rd period - Paul Cotter wins face-off versus Morgan Frost in Erie Otters zone.
9:53 of 3rd period - Snap shot by Alex Newhook.
9:53 of 3rd period - Stopped by Felix Sandstrom with a rebound.
9:55 of 3rd period - Minor Penalty to Isaak Phillips for Interference.
9:56 of 3rd period - Jason Dickinson wins face-off versus Andy Andreoff in Orlando Solar Bears zone.
10:09 of 3rd period - Slapshot by Alex Petrovic.
10:09 of 3rd period - Shot Misses the Net.
10:11 of 3rd period - Slapshot by Aaron Ness.
10:11 of 3rd period - Stopped by Felix Sandstrom with a rebound.
10:49 of 3rd period - Morgan Frost is hit by Andy Andreoff and loses puck.
11:55 of 3rd period - Penalty to Isaak Phillips is over, Isaak Phillips is back on ice.
12:16 of 3rd period - Wrist shot by Emilio Pettersen.
12:16 of 3rd period - Stopped by Adam Werner with a rebound.
12:32 of 3rd period - Linus Weissbach is hit by Alex Petrovic and loses puck.
13:12 of 3rd period - Snap shot by Jordan Martinook.
13:12 of 3rd period - Shot Misses the Net.
13:26 of 3rd period - Adam Brubacher is hit by Artemi Kniazev and loses puck.
14:46 of 3rd period - Emilio Pettersen is hit by Aaron Luchuk and loses puck.
14:59 of 3rd period - Sampo Ranta is hit by Isaak Phillips and loses puck.
15:55 of 3rd period - Alex Newhook is hit by Philip Tomasino and loses puck.
16:06 of 3rd period - Philip Tomasino is hit by Alex Newhook and loses puck.
16:41 of 3rd period - Alex Biega is hit by Emilio Pettersen and loses puck.
16:50 of 3rd period - Slapshot by Alex Turcotte.
16:50 of 3rd period - Shot Misses the Net.
18:09 of 3rd period - Ty Ronning is hit by Philip Tomasino.
18:49 of 3rd period - Snap shot by Jason Dickinson.
18:49 of 3rd period - Stopped by Adam Werner without a rebound.
18:50 of 3rd period - Bob Jones call a timeout for Erie Otters.
18:50 of 3rd period - Jason Dickinson wins face-off versus Alex Newhook in Erie Otters zone.
19:23 of 3rd period - Snap shot by Jason Dickinson.
19:23 of 3rd period - Deflect By Jordan Martinook.
19:23 of 3rd period - Shot Blocked by Trent Frederic.
19:23 of 3rd period - Puck is out of play.
19:24 of 3rd period - Jason Dickinson wins face-off versus Alex Newhook in Erie Otters zone.
19:47 of 3rd period - Adam Clendening is hit by Victor Soderstrom and loses puck.
Goals for this period are 0 for Orlando Solar Bears vs 0 for Erie Otters.
Shots for this period are 10 for Orlando Solar Bears vs 7 for Erie Otters.
Back to the Top